 Dungeon Crawl Stone Soup version 0.21.1-1-g345015f (webtiles) character file.

87 sankara the Slasher (level 4, -1/31 HPs)
             Began as a Halfling Fighter on Feb 17, 2018.
             Slain by Crazy Yiuf
             ... wielding a +2 quarterstaff of chaos
              (4 damage)
             ... on level 2 of the Dungeon.
             The game lasted 00:05:13 (2376 turns).

sankara the Slasher (Halfling Fighter)              Turns: 2376, Time: 00:05:13

Health: -1/31      AC:  6    Str: 17    XL:     4   Next: 80%
Magic:  13/13      EV:  8    Int:  6    God:
Gold:   84         SH:  9    Dex: 14    Spells: 3/3 levels left

rFire    . . .     SeeInvis .   a - +0 long sword
rCold    . . .     Gourm    .   c - +0 shield
rNeg     . . .     Faith    .   n - +0 scale mail
rPois    .         Spirit   .   (no helmet)
rElec    .         Reflect  .   (no cloak)
rCorr    .         Harm     .   (no gloves)
MR       .....                  (no boots)
Stlth    ..........             (no amulet)
HPRegen  0.10/turn              r - ring of magical power
MPRegen  0.13/turn              (no ring)

@: no status effects
A: small, mutation resistance 1
a: no special abilities


You were on level 2 of the Dungeon.
You were hungry.

You visited 1 branch of the dungeon, and saw 2 of its levels.

You collected 84 gold pieces.

Inventory:

Hand Weapons
 a - a +0 long sword (weapon)
 b - a +2 dagger of speed
Missiles
 j - 9 poisoned needles
 p - 53 stones (quivered)
 s - 43 sling bullets
Armour
 c - a +0 shield (worn)
 n - a +0 scale mail (worn)
Jewellery
 r - a ring of magical power (left hand)
Scrolls
 g - 2 scrolls of identify {unknown}
 h - a scroll of enchant weapon {unknown}
 i - a scroll of magic mapping {unknown}
 l - a scroll of teleportation {unknown}
 q - a scroll of remove curse {unknown}
Potions
 d - a potion of might
Comestibles
 f - 6 rations


   Skills:
 + Level 3.4 Fighting
 * Level 3.9 Long Blades
 - Level 3.2 Armour
 - Level 3.2 Shields


You had 3 spell levels left.
You didn't know any spells.

Dungeon Overview and Level Annotations

Branches:
Dungeon (2/15)

Altars:

Annotations:
D:2 Crazy Yiuf


Innate Abilities, Weirdness & Mutations

You are small and have problems with some larger weapons.
You are somewhat resistant to further mutation.


Message History

You block Crazy Yiuf's attack.
You closely miss Crazy Yiuf.
Crazy Yiuf is lightly wounded.
Crazy Yiuf hits you with a quarterstaff of chaos.
You are electrocuted!
You are too injured to fight recklessly!
You are too injured to fight recklessly!
You are too injured to fight recklessly!
You barely miss Crazy Yiuf.
Crazy Yiuf is lightly wounded.
You block Crazy Yiuf's attack.
You hit Crazy Yiuf.
Crazy Yiuf is lightly wounded.
Crazy Yiuf closely misses you.
You hit Crazy Yiuf but do no damage.
Crazy Yiuf is lightly wounded.
Crazy Yiuf hits you with a quarterstaff of chaos!
* * * LOW HITPOINT WARNING * * *
Crazy Yiuf hits you with a quarterstaff of chaos.
You die...

#.# ###
##..####......##.##
######.#### #....#
#..........#
#.........# #....#
#.......#..#
#.#####...# ##...#
#........... #.# ##.)#
##.## #.....#.#.## #.#
#..# ##.# #.....#.#.##
#.# #..# #.##
#.#####.#...
##.######..# ##.# ###
#.#### ...<.<.....#
#@## #.# #..#...##..#
#g# #.# #.......#..#
.(. #.# #..........#
#.(.# #.# #.#.....#..#
#)..# #.# #(#....##.##
##### #.# ...#..###..#
#<# #.#.#.# #### #####
### #.####
#.#.#.########.#.###.#
#.....


You could see Crazy Yiuf.

Vanquished Creatures
  5 adders (D:2)
  An adder skeleton (D:2)
  A worm (D:2)
  3 bats (D:2)
  A giant cockroach (D:1)
  4 hobgoblins
  3 jackals (D:2)
  7 frilled lizards
  4 goblins
  4 kobolds
  9 rats
42 creatures vanquished.

Notes
Turn   | Place    | Note
-------+----------+-------------------------------------------
     0 | D:1      | sankara the Halfling Fighter began the quest for the Orb.
     0 | D:1      | Reached XP level 1. HP: 15/15 MP: 1/1
   406 | D:1      | Reached XP level 2. HP: 20/20 MP: 2/2
  1007 | D:2      | Reached XP level 3. HP: 26/26 MP: 3/3
  1526 | D:2      | Reached XP level 4. HP: 31/31 MP: 4/4
  2156 | D:2      | Found a runed door.
  2368 | D:2      | Noticed Crazy Yiuf
  2376 | D:2      | Slain by Crazy Yiuf

Skill      XL: |  1  2  3 |
---------------+----------+-----
Fighting       | 3 |  3.4
Long Blades    | 3 |  3.9
Armour         | |  3.2
Shields        | |  3.2

Action                   |  1- 3 |  4- 6 || total
-------------------------+-------+-------++-------
Melee: Long sword        |    91 |    73 ||   164
       Dagger            |    24 |       ||    24
Throw: Stone             |       |     2 ||     2
  Use: Potion            |       |     4 ||     4
  Eat: Chunk             |     2 |     2 ||     4
Armor: Scale mail        |    34 |    37 ||    71
Dodge: Dodged            |    32 |    39 ||    71
Block: Shield            |    44 |    57 ||   101
       Rpst.: Long sword |     9 |     9 ||    18
